 Dungeon Crawl Stone Soup version 0.26-a0-257-g47e9e61525 (webtiles) character file.

Game seed: 11286082619462835579

391 BritishOli the Skirmisher (level 6, -5/50 HPs)
             Began as a Demonspawn Fighter on July 10, 2020.
             Killed from afar by an orc wizard (6 damage)
             ... with a magic dart
             ... on level 4 of the Dungeon.
             The game lasted 00:03:38 (4294 turns).

BritishOli the Skirmisher (Demonspawn Fighter)      Turns: 4294, Time: 00:03:39

Health: -5/50      AC:  9    Str: 19    XL:     6   Next: 50%
Magic:  0/6        EV:  8    Int:  9    God:
Gold:   118        SH:  9    Dex: 12    Spells: 5/5 levels left

rFire    + . .     SeeInvis .   a - +0 long sword
rCold    + . .     Faith    .   c - +0 kite shield
rNeg     . . .     Spirit   +   o - +0 ring mail {rC+}
rPois    .         Reflect  .   (no helmet)
rElec    .         Harm     .   i - +0 cloak
rCorr    .                      (no gloves)
MR       .....                  (no boots)
Stlth    +.........             (no amulet)
HPRegen  0.16/turn              p - ring of protection from fire
MPRegen  0.10/turn              (no ring)

@: no status effects
A: rugged brown scales 2, magic shield
a: no special abilities


You were on level 4 of the Dungeon.
You were not hungry.

You visited 1 branch of the dungeon, and saw 4 of its levels.

You collected 118 gold pieces.

Inventory:

Hand Weapons
 a - a +0 long sword (weapon)
Missiles
 g - 6 javelins (quivered)
Armour
 c - a +0 kite shield (worn)
 i - a +0 cloak (worn)
 o - a +0 ring mail of cold resistance (worn)
Jewellery
 p - a ring of protection from fire (left hand)
Scrolls
 b - a scroll of blinking {unknown}
 h - 5 scrolls of identify {unknown}
 k - a scroll of amnesia {unknown}
 m - 3 scrolls of remove curse {unknown}
 n - 2 scrolls of fear {unknown}
 t - a scroll of enchant weapon {unknown}
 u - a scroll of magic mapping {unknown}
Potions
 d - a potion of might
 e - a potion of stabbing {unknown}
 j - a potion of haste {unknown}
 l - a potion of curing {unknown}
 q - a potion of flight {unknown}
 r - 2 potions of lignification {unknown}
 s - 2 potions of cancellation {unknown}
Comestibles
 f - 5 rations


   Skills:
 + Level 4.2 Fighting
 * Level 4.2 Long Blades
 + Level 3.8 Armour
 + Level 3.8 Shields


You had 5 spell levels left.
You didn't know any spells.
Your spell library was empty.

Dungeon Overview and Level Annotations

Branches:
Dungeon (4/15)
 Temple: D:4-7

Altars:
Kikubaaqudgha
Sif Muna
Wu Jian
The Shining One

Shops:
D:4 [


Innate Abilities, Weirdness & Mutations

You are mostly covered in rugged brown scales. (AC +2, +5% HP)
When hurt, damage is shared between your health and your magic reserves.


Message History

* * * LOW HITPOINT WARNING * * *
Your ring mail prevents you from hitting the orc priest.
The orc priest is moderately wounded.
The orc wizard hits you but does no damage.
The orc priest barely misses you. You block the orc's attack.
You block the orc wizard's attack.
Unknown command.
You barely miss the orc priest.
The orc priest is moderately wounded.
The orc priest invokes the aid of Beogh against you.
Beogh smites you!
* * * LOW HITPOINT WARNING * * *
The orc wizard hits you but does no damage.
The orc hits you with a +0 mace.
* * * LOW HITPOINT WARNING * * *
Your shield prevents you from hitting the orc priest.
The orc priest is moderately wounded.
The orc wizard points at you and mumbles some strange words.
The magic dart hits you.
You die...

#### ######## ...
..##... #.# #.#..>
#.###.#..# #.....#..#
# #.###.#..####..
#..#####...#..........
#..oo@...........###..
#.###oo###.#.#...# #..
.....# #.#.#∩..# #..
#.###... ....#...# #..
.#####.#.....###.. #.
#.#.##....#.. #.
#............ #.
#...##.##.... #..
#...#....


You could see an orc priest, an orc wizard (fast) and 2 orcs.

Vanquished Creatures
  A scorpion (D:4)
  A hound (D:4)
  An orc wizard (D:4)
  Jessica (D:3)
  Natasha (thrice) (D:2)
  Robin (D:3)
  7 adders
  4 worms (D:2)
  2 dart slugs (D:2)
  A leopard gecko (D:2)
  6 orcs
  A bat zombie (D:2)
  4 giant cockroaches
  15 hobgoblins
  A quokka (D:3)
  4 bats
  6 frilled lizards
  16 goblins
  7 kobolds
  8 rats
  A rat zombie (D:2)
91 creatures vanquished.

Notes
Turn   | Place    | Note
-------+----------+-------------------------------------------
     0 | D:1      | BritishOli the Demonspawn Fighter began the quest for the
                  | Orb.
     0 | D:1      | Reached XP level 1. HP: 18/18 MP: 1/1
   278 | D:1      | Gained mutation: When hurt, damage is shared between your
                  | health and your magic reserves. [demonic ancestry]
   278 | D:1      | Reached XP level 2. HP: 24/24 MP: 2/2
  1064 | D:2      | Reached XP level 3. HP: 29/29 MP: 3/3
  1196 | D:2      | HP: 1/29 [kobold/+0 short sword (3)]
  1932 | D:2      | Found an ancient bone altar of Kikubaaqudgha.
  1965 | D:2      | Noticed Natasha
  1970 | D:2      | Killed Natasha
  1970 | D:2      | Gained mutation: You are partially covered in rugged brown
                  | scales. (AC +1, +3% HP) [demonic ancestry]
  1970 | D:2      | Reached XP level 4. HP: 25/36 MP: 4/4
  2513 | D:2      | Noticed Natasha
  2517 | D:2      | Killed Natasha
  2523 | D:2      | Noticed Natasha
  2530 | D:2      | Killed Natasha
  2530 | D:2      | Gained mutation: You are mostly covered in rugged brown
                  | scales. (AC +2, +5% HP) [demonic ancestry]
  2530 | D:2      | Reached XP level 5. HP: 31/44 MP: 3/5
  2826 | D:3      | Noticed Jessica
  2839 | D:3      | Killed Jessica
  2907 | D:3      | Found an ornate altar of the Wu Jian Council.
  2976 | D:3      | Noticed Robin
  3015 | D:3      | Killed Robin
  3584 | D:3      | Reached XP level 6. HP: 30/50 MP: 4/6
  3804 | D:3      | Found a shimmering blue altar of Sif Muna.
  3910 | D:4      | Found a glowing golden altar of the Shining One.
  4015 | D:4      | Found Suast's Armour Boutique.
  4293 | D:4      | HP: 2/50 [orc priest/divine providence (9)]
  4294 | D:4      | Killed from afar by an orc wizard

Illustrated notes

Levels and vault maps discovered:
D:1:      tarquinn_simple_flora_water_c, layout_basic
D:2:      layout_basic, lemuel_zombie_altar_kikubaaqudgha, serial_bayou,
          serial_bayou_lake_a, serial_bayou_pond_c, serial_bayou_ford_a,
          serial_bayou_pond_d, uniq_natasha
D:3:      layout_loops_ring, overflow_temple_1_default, lemuel_crystal_altar,
          gup_sewer_entry_glass, minmay_goblin_outpost, uniq_jessica, uniq_robin
D:4:      layout_loops_ring, kennysheep_okawaru_gauntlet, lemuel_crystal_altar,
          serial_shops, shop, kennysheep_generic_room_14

Skill      XL: |  1  2  3  4  5  6 |
---------------+-------------------+-----
Long Blades    | 2 3 4 |  4.2
Shields        | 3 |  3.8
Armour         | 3 |  3.8
Fighting       | 4 |  4.2

Action                   |  1- 3 |  4- 6 || total
-------------------------+-------+-------++-------
Melee: Long sword        |   126 |   243 ||   369
  Eat: Ration            |     1 |     2 ||     3
Armor: Scale mail        |    72 |       ||    72
       Ring mail         |     9 |   110 ||   119
Dodge: Dodged            |    41 |    96 ||   137
Block: Kite shield       |    72 |   147 ||   219
       Rpst.: Long sword |    12 |    27 ||    39

Table legend:
 A = Non-vault XP
 B = Vault XP
 C = Vault XP percentage of total XP
 D = Non-vault monster count
 E = Vault monster count
 F = Vault count percentage of total count
                 A         B        C        D         E       F
            +---------+---------+-------+---------+---------+-------
      Total |     397 |     162 |  29.0 |      61 |      30 |  33.0
            +---------+---------+-------+---------+---------+-------
        D:1 |      22 |       0 |   0.0 |      17 |       0 |   0.0
        D:2 |     147 |      38 |  20.5 |      23 |       3 |  11.5
        D:3 |      60 |     124 |  67.4 |      14 |      27 |  65.9
        D:4 |     168 |       0 |   0.0 |       7 |       0 |   0.0
            +---------+---------+-------+---------+---------+-------
